 Dungeon Crawl Stone Soup version 0.29.0-13-gc9e81de378 (webtiles) character file.

Game seed: 1150164461088774147

1105 sanka the Cleaver (level 8, -1/64 HPs)
             Began as a Minotaur Berserker on Sept 7, 2022.
             Was a Priest of Trog.
             Killed by an exploding lemure (12 damage)
             ... ignited by their inner flame
             ... on level 6 of the Dungeon.
             The game lasted 00:05:59 (4525 turns).

sanka the Cleaver (Minotaur Berserker)              Turns: 4525, Time: 00:06:00

Health: -1/64      AC:  6    Str: 22    XL:     8   Next: 11%
Magic:  7/7        EV: 11    Int:  4    God:    Trog [***...]
Gold:   160        SH:  4    Dex: 12    Spells: 7/7 levels left

rFire   + . .      SeeInvis .   a - +0 hand axe
rCold   . . .      Faith    .   (no shield)
rNeg    . . .      Spirit   .   v - +0 ring mail {rF+}
rPois   .          Reflect  .   (helmet restricted)
rElec   .          Harm     .   (no cloak)
rCorr   .          Rampage  .   (no gloves)
Will    .....                   w - +0 pair of boots
Stlth   +.........              e - amulet of regeneration
HPRegen 1.00/turn               (no ring)
MPRegen 0.10/turn               j - +4 ring of slaying

@: mesmerised
A: horns 2, retaliatory headbutt, large bone plates 1, mutation resistance 1,
MP-powered wands
a: Renounce Religion, Berserk, Trog's Hand


You were on level 6 of the Dungeon.
You worshipped Trog.
Trog was most pleased with you.
You visited 1 branch of the dungeon, and saw 6 of its levels.

You collected 200 gold pieces.
You spent 40 gold pieces at shops.


Innate Abilities, Weirdness & Mutations

You have a pair of horns on your head.
You reflexively headbutt those who attack you in melee.
You are partially covered in large bone plates. (SH +4)
You are somewhat resistant to further mutation.
You expend magic power (3 MP) to strengthen your wands.


   Skills:
 - Level 3.6 Fighting
 + Level 11.9 Axes
 - Level 2.4 Armour
 - Level 2.1 Dodging


You had 7 spell levels left.
You didn't know any spells.
Your spell library was empty.

Inventory:

Hand Weapons
 a - a +0 hand axe (weapon)
Armour
 v - a +0 ring mail of fire resistance (worn)
 w - a +0 pair of boots (worn)
 x - a +0 plate armour
Jewellery
 e - an amulet of regeneration (around neck)
 j - a +4 ring of slaying (right hand)
 m - an amulet of reflection
Wands
 r - a wand of flame (27)
Scrolls
 c - 2 scrolls of teleportation {unknown}
 f - 2 scrolls of poison {!r}
 i - a scroll of identify {@r1}
 k - 2 scrolls of summoning
 n - 3 scrolls of immolation {!r}
 o - a scroll of silence {unknown}
 q - 2 scrolls of enchant armour
 t - 2 scrolls of vulnerability {!r}
 u - a scroll of enchant weapon {unknown}
Potions
 b - a potion of heal wounds {unknown}
 d - 3 potions of mutation {!q}
 g - a potion of might {unknown}
 h - a potion of resistance {unknown}
 l - a potion of brilliance {unknown}
 s - 2 potions of cancellation {unknown}

Dungeon Overview and Level Annotations

Branches:
Dungeon (6/15)
 Temple: D:4-7

Altars:
Ashenzari
Cheibriados
Elyvilon
Fedhas
Gozag
Okawaru
Qazlal
Ru
Vehumet
Wu Jian
Yredelemnul
Zin

Shops:
D:4 *

Annotations:
D:6 Maggie, Pikel

▒.. ▒.▒ ▒#.▒ ▒#▒
▒§..▒▒#▒
▒#...#▒▒ ▒#
▒.#§▒▒
▒##▒▒##.▒▒▒▒▒▒
▒§#▒##▒......▒▒▒
▒####▒▒▒▒▒▒▒...▒
▒▒▒.▒H▒ ▒▒▒.▒
▒#§##☼▒ ▒.▒▒▒▒
▒##▒▒▒@▒ ▒....▒
▒§. 5K▒ ▒▒▒▒.▒
.. .5J▒ ▒.▒▒▒ .
.###▒ ▒....
5.#§#▒
▒▒▒▒▒▒▒▒▒▒▒..
..##§§#
.............
.5!.....
▒▒▒▒▒▒▒▒▒▒...


You could see Maggie (mesmerising, inner flame), Pikel (inner flame), 2 lemures
and a jelly (inner flame).


Message History

Unknown command.
As you read the scroll labelled GEAGOF BAUSIUL, it crumbles to dust.
It is a scroll of identify.
t - 2 scrolls of vulnerability Maggie misses you.
The lemure barely misses you.
As you read the scroll of identify {@r1}, it crumbles to dust.
k - 2 scrolls of summoning Maggie mumbles some strange words.
Maggie draws you further into her thrall.
You block the lemure's attack.
As you read the scroll of identify {@r1}, it crumbles to dust.
q - 2 scrolls of enchant armour Maggie hits you from afar with a +1 vorpal glaive!
* * * LOW HITPOINT WARNING * * *
* * * LOW HITPOINT WARNING * * *
The lemure barely misses you. You furiously retaliate!
You headbutt the lemure!
Flame seeps out of the lemure.
Unknown command.
Maggie hits you from afar with a +1 vorpal glaive.
* * * LOW HITPOINT WARNING * * *
* * * LOW HITPOINT WARNING * * *
The lemure is engulfed in blazing flames.
That felt strangely unrewarding.
The lemure explodes!
The fiery explosion engulfs you! You resist.
You die...

Action                   |  1- 3 |  4- 6 |  7- 9 || total
-------------------------+-------+-------+-------++-------
Melee: Hand axe          |    59 |    80 |    68 ||   207
       Headbutt          |    10 |    14 |    14 ||    38
       Punch             |       |     1 |       ||     1
Invok: Berserk           |     1 |     2 |     3 ||     6
  Use: Scroll            |       |       |     5 ||     5
       Potion            |       |       |     4 ||     4
 Stab: Sleeping          |     1 |       |       ||     1
       Paralysed         |       |       |     1 ||     1
Armor: Animal skin       |    10 |       |       ||    10
       Ring mail         |     7 |    22 |    22 ||    51
Dodge: Dodged            |    24 |    35 |    39 ||    98
Block: Other             |       |       |     4 ||     4

Levels and vault maps discovered:
D:1:      psy_arrival_statuary, layout_basic
D:2:      layout_rooms, basic_altar, ebering_ecumenical_altar_petrified,
          grunt_decor_arrowhead, minivault_23
D:3:      layout_loops_cross, lemuel_round_altar, lemuel_tele_altar,
          grunt_gozag_statues, lemuel_crystal_altar, st_stairs_2, uniq_ijyb
D:4:      layout_basic, old_standard_altar, nicolae_qazlal_eye_of_the_storm,
          serial_co_window_serial, co_window_corner_a,
          co_window_of_opportunity_a, co_window_paths_b, co_window_paths_b,
          co_window_corner_a, co_window_paths_a, co_window_corner_a,
          co_window_paths_a, co_window_paths_a, co_window_corner_b,
          co_window_2corner, co_window_cross_3, co_window_2corner,
          co_window_broadway_b, glass_columns_a, glass_columns_a,
          guppyfry_shop_venom
D:5:      layout_cave_pools, nicolae_ru_great_annihilating_truth,
          mainiacjoe_overflow_alcove_3
D:6:      layout_rooms, amethyst_overflow_temple_binary,
          minmay_temple_entry_overgrown, glass_columns_b, uniq_maggie,
          uniq_pikel

Notes
Turn   | Place    | Note
-------+----------+-------------------------------------------
     0 | D:1      | sanka the Minotaur Berserker began the quest for the Orb.
     0 | D:1      | Reached XP level 1. HP: 19/19 MP: 0/0
    57 | D:1      | Reached skill level 4 in Axes
    64 | D:1      | Reached XP level 2. HP: 20/26 MP: 1/1
   337 | D:1      | Reached skill level 5 in Axes
   477 | D:1      | Reached XP level 3. HP: 31/31 MP: 2/2
   972 | D:2      | Reached ** piety under Trog
  1124 | D:2      | Reached skill level 6 in Axes
  1124 | D:2      | Reached XP level 4. HP: 39/39 MP: 3/3
  1207 | D:2      | Found a blossoming altar of Fedhas.
  1539 | D:2      | Found a faded altar of an unknown god.
  1840 | D:3      | Found a radiant altar of Vehumet.
  1845 | D:3      | Reached XP level 5. HP: 45/45 MP: 4/4
  1871 | D:3      | Found a glowing silver altar of Zin.
  1902 | D:3      | Found an opulent altar of Gozag.
  2035 | D:3      | Reached skill level 7 in Axes
  2088 | D:3      | Found a white marble altar of Elyvilon.
  2129 | D:3      | Noticed Ijyb
  2138 | D:3      | Killed Ijyb
  2630 | D:4      | Found a basalt altar of Yredelemnul.
  2804 | D:4      | Noticed an ogre
  2818 | D:4      | Killed an ogre
  2819 | D:4      | Reached skill level 8 in Axes
  2922 | D:4      | Found Voesm's Serpentskin Sales.
  2922 | D:4      | Noticed a water moccasin
  2922 | D:4      | Noticed a water moccasin
  2927 | D:4      | Killed a water moccasin
  2928 | D:4      | Reached XP level 6. HP: 49/51 MP: 5/5
  2930 | D:4      | Killed a water moccasin
  2931 | D:4      | Reached skill level 9 in Axes
  2966 | D:4      | Bought a scroll of poison for 40 gold pieces
  3030 | D:4      | Found a stormy altar of Qazlal.
  3521 | D:5      | Entered Level 5 of the Dungeon
  3537 | D:5      | Noticed an ice beast
  3540 | D:5      | Reached XP level 7. HP: 57/57 MP: 6/6
  3551 | D:5      | HP: 8/85 [ice beast (2)]
  3551 | D:5      | HP: 1/85 [ice beast (7)]
  3553 | D:5      | Reached skill level 10 in Axes
  3981 | D:5      | Reached skill level 11 in Axes
  3998 | D:5      | Found a sacrificial altar of Ru.
  4004 | D:5      | Reached *** piety under Trog
  4293 | D:5      | Found an ornate altar of the Wu Jian Council.
  4294 | D:5      | Found an iron altar of Okawaru.
  4295 | D:5      | Found a broken altar of Ashenzari.
  4295 | D:5      | Found a snail-covered altar of Cheibriados.
  4423 | D:6      | Reached XP level 8. HP: 64/64 MP: 7/7
  4504 | D:6      | Noticed Pikel
  4504 | D:6      | Identified +0 swamp dragon scales
  4504 | D:6      | Noticed Maggie
  4517 | D:6      | Gained mutation: You expend magic power (3 MP) to
                  | strengthen your wands. [potion of mutation]
  4517 | D:6      | Gained mutation: You are partially covered in large bone
                  | plates. (SH +4) [potion of mutation]
  4517 | D:6      | Gained mutation: You are somewhat resistant to further
                  | mutation. [potion of mutation]
  4519 | D:6      | HP: 6/64 [Maggie/+1 vorpal glaive (4)]
  4524 | D:6      | HP: 6/64 [Maggie/+1 vorpal glaive (1)]
  4525 | D:6      | Killed by an exploding lemure... ignited by their inner
                  | flame

Vanquished Creatures
  2 water moccasins (D:4)
  A black bear (D:6)
  An ice beast (D:5)
  A lemure (D:6)
  An ogre (D:4)
  A gnoll sergeant (D:5)
  A scorpion (D:5)
  An orc priest (D:6)
  2 hounds (D:5)
  Ijyb (D:3)
  An iguana (D:5)
  4 orc wizards
  14 gnolls
  5 adders
  3 worms (D:2)
  A dart slug (D:2)
  2 orcs
  5 ball pythons
  4 endoplasms
  3 giant cockroaches
  13 goblins
  6 hobgoblins
  8 jackals
  7 quokkas
  3 bats
  3 frilled lizards
  9 kobolds
  6 rats
109 creatures vanquished.

Vanquished Creatures (others)
  A withered plant (D:2)
1 creature vanquished.

Grand Total: 110 creatures vanquished
